 Dungeon Crawl Stone Soup version 0.30-a0-57-g8b159a9891 (webtiles) character file.

Game seed: 11887129273321395116

1056 BritishOli the Slasher (level 8, 0/59 (64) HPs)
             Began as a Demonspawn Fighter on Sept 11, 2022.
             Was a Follower of Makhleb.
             Slain by a wight
             ... wielding a +3 dagger
              (5 damage)
             ... on level 6 of the Dungeon.
             The game lasted 00:04:10 (5696 turns).

BritishOli the Slasher (Demonspawn Fighter)         Turns: 5696, Time: 00:04:10

HP:   0/59 (64)     AC: 10    Str: 18    XL:     8   Next: 6%
MP:   8/8           EV: 13    Int:  6    God:    Makhleb [*.....]
Gold: 240           SH:  5    Dex: 18    Spells: 7/7 levels left

rFire   + . .      SeeInvis .    h - +7 dagger of Yeast {vorpal, *Noise rCorr Int-4 Dex+5}
rCold   . . .      Faith    .    c - +0 buckler
rNeg    . . .      Spirit   .    b - +0 scale mail
rPois   .          Reflect  .    (no helmet)
rElec   .          Harm     .    u - +1 cloak
rCorr   +          Rampage  .    (no gloves)
Will    .....                    x - +0 pair of boots
Stlth   ..........               (no amulet)
HPRegen 0.19/turn                q - ring of protection from fire
MPRegen 0.11/turn                (no ring)

@: drained, repel missiles
A: repulsion field 3, foul stench 1
a: Renounce Religion


You were on level 6 of the Dungeon.
You worshipped Makhleb.
Makhleb was aware of your devotion.
You visited 1 branch of the dungeon, and saw 6 of its levels.

You collected 240 gold pieces.

Inventory:

Hand Weapons
 a - a +0 long sword
 h - the +7 dagger of Yeast (weapon) {vorpal, *Noise rCorr Int-4 Dex+5}
   (You found it on level 2 of the Dungeon)

   It inflicts extra damage upon your enemies.
   Int:       It affects your intelligence (-4).
   Dex:       It affects your dexterity (+5).
   *Noise:    It may make noises in combat.
   rCorr:     It protects you from acid and corrosion.
Missiles
 y - a throwing net (quivered)
Armour
 b - a +0 scale mail (worn)
 c - a +0 buckler (worn)
 u - a +1 cloak (worn)
 x - a +0 pair of boots (worn)
Jewellery
 q - a ring of protection from fire (left hand)
 v - a +4 ring of evasion
Wands
 i - a wand of paralysis (9)
 m - a wand of flame (8)
 s - a wand of roots (11)
Scrolls
 g - 8 scrolls of identify {unknown}
 j - 2 scrolls of brand weapon {unknown}
 l - 2 scrolls of enchant armour {unknown}
 o - a scroll of magic mapping {unknown}
 p - a scroll of amnesia {unknown}
 r - a scroll of poison {unknown}
 B - a scroll of noise {unknown}
Potions
 d - 3 potions of might
 e - a potion of haste {unknown}
 f - 2 potions of brilliance {unknown}
 k - a potion of degeneration {unknown}
 n - a potion of flight {unknown}
 t - a potion of cancellation {unknown}
 w - a potion of lignification {unknown}
 z - a potion of attraction {unknown}
 A - 3 potions of heal wounds {unknown}
 C - a potion of berserk rage {unknown}


   Skills:
 + Level 6.1 Fighting
 * Level 7.0 Long Blades
 - Level 3.0 Armour
 - Level 3.0 Shields


You had 7 spell levels left.
You didn't know any spells.
Your spell library contained the following spells:

 Spells                   Type           Power      Damage    Failure   Level
 Ensorcelled Hibernation  Hex/Ice        0%         N/A       97%         2
 Passwall                 Tmut/Erth      0%         N/A       97%         2
 Swiftness                Air            0%         N/A       99%         3


Dungeon Overview and Level Annotations

Branches:
Dungeon (6/15)             Temple (0/1) D:4

Altars:
Ashenzari
Fedhas
Hepliaklqana
Makhleb
Qazlal
Trog


Innate Abilities, Weirdness & Mutations

You are surrounded by a strong repulsion field. (EV +4, RMsl)
You may rarely emit foul miasma when damaged in melee.


Message History

Unknown command.
You are too injured to fight recklessly!
Unknown command.
You are too injured to fight recklessly!
Unknown command.
You are too injured to fight recklessly!
You hit the wight.
The wight is heavily damaged.
The wight hits you with a +0 short sword.
You feel drained. The wight hits you with a +3 dagger.
The wight barely misses you.
You barely miss the wight.
The wight is heavily damaged.
The wight hits you but does no damage. The wight misses you.
The wight hits you with a +2 falchion!
You feel drained.
* * * LOW HITPOINT WARNING * * *
You closely miss the wight.
The wight is heavily damaged.
The wight misses you. The wight barely misses you. The wight misses you.
You barely miss the wight.
Your dagger of Yeast belts out, "Dying in battle is most honourable!"
The wight is heavily damaged.
You hear an angry hiss.
You barely miss the wight.
The wight is heavily damaged.
You block the wight's attack. The wight barely misses you.
The wight hits you with a +3 dagger.
* * * LOW HITPOINT WARNING * * *
You hit the wight.
The wight is severely damaged.
The wight hits you but does no damage.
An orc comes into view. It is wielding a +0 short sword.
The wight hits you with a +3 dagger.
* * * LOW HITPOINT WARNING * * *
The wight barely misses you. The wight attacks as you move away!
The wight hits you with a +3 dagger.
* * * LOW HITPOINT WARNING * * *
The wight attacks as you move away! The wight barely misses you.
The wight attacks as you move away! The wight hits you with a +3 dagger.
You die...

. ..#o
#..#.###########
...............#
#.............#
.###.............#
.........!)).....#
..........z.....#
.........@z.....# #.#
##......z.(...# #.#
#.............# # #.#
#.............#
.##.####.............#
......#.#############
#####.............
...##.............
#.#..............


You could see 3 wights and an orc.

Vanquished Creatures
  A centaur (D:4)
  An ogre (D:6)
  A phantom (D:5)
  2 wights (D:6)
  2 jellies
  4 orc priests
  2 hounds
  Crazy Yiuf (D:3)
  5 iguanas
  Natasha (thrice) (D:2)
  3 orc wizards
  7 gnolls
  3 adders
  An ufetubus (D:5)
  A dart slug (D:2)
  9 orcs
  7 bats
  3 endoplasms
  2 giant cockroaches
  7 goblins
  8 hobgoblins
  2 jackals (D:1)
  4 quokkas
  6 ball pythons
  2 frilled lizards
  10 kobolds
  3 rats
  A spectral hobgoblin (D:1)
101 creatures vanquished.

Notes
Turn   | Place    | Note
-------+----------+-------------------------------------------
     0 | D:1      | BritishOli the Demonspawn Fighter began the quest for the
                  | Orb.
     0 | D:1      | Reached XP level 1. HP: 18/18 MP: 1/1
   249 | D:1      | Found a faded altar of an unknown god.
   261 | D:1      | Reached skill level 2 in Long Blades
   261 | D:1      | Gained mutation: You may rarely emit foul miasma when
                  | damaged in melee. [demonic ancestry]
   261 | D:1      | Reached XP level 2. HP: 20/23 MP: 2/2
  1081 | D:2      | Identified the +7 dagger of Yeast {vorpal, *Noise rCorr
                  | Int-4 Dex+5}
  1097 | D:2      | Noticed Natasha
  1109 | D:2      | Killed Natasha
  1110 | D:2      | Gained mutation: You are surrounded by a mild repulsion
                  | field. (EV +2) [demonic ancestry]
  1110 | D:2      | Reached XP level 3. HP: 5/29 MP: 3/3
  1669 | D:2      | Noticed Natasha
  1686 | D:2      | Killed Natasha
  1687 | D:2      | Reached skill level 3 in Long Blades
  1687 | D:2      | Gained mutation: You are surrounded by a moderate repulsion
                  | field. (EV +3) [demonic ancestry]
  1687 | D:2      | Reached XP level 4. HP: 11/37 MP: 4/4
  1696 | D:2      | Noticed Natasha
  1702 | D:2      | Killed Natasha
  2369 | D:3      | Found a stormy altar of Qazlal.
  2574 | D:3      | Found a runed translucent door.
  2575 | D:3      | Noticed Crazy Yiuf
  2625 | D:3      | Reached XP level 5. HP: 42/42 MP: 5/5
  2628 | D:3      | Reached skill level 4 in Long Blades
  2853 | D:3      | Found a burning altar of Makhleb.
  2855 | D:3      | Found a blossoming altar of Fedhas.
  2914 | D:3      | Became a worshipper of Makhleb the Destroyer
  3073 | D:3      | Found a broken altar of Ashenzari.
  3073 | D:3      | Found a bloodstained altar of Trog.
  3265 | D:3      | Killed Crazy Yiuf
  3571 | D:4      | Gained mutation: You are surrounded by a strong repulsion
                  | field. (EV +4, RMsl) [demonic ancestry]
  3571 | D:4      | Reached XP level 6. HP: 49/49 MP: 6/6
  3604 | D:4      | Found a staircase to the Ecumenical Temple.
  3715 | D:4      | Reached skill level 5 in Fighting
  3715 | D:4      | Reached skill level 5 in Long Blades
  4023 | D:4      | Identified the +7 short sword "Jenemis" {flame, rElec
                  | Dex+7}
  4375 | D:5      | Entered Level 5 of the Dungeon
  4528 | D:5      | Reached XP level 7. HP: 48/56 MP: 7/7
  4647 | D:5      | HP: 1/56 [phantom (5)]
  5014 | D:5      | Reached * piety under Makhleb
  5015 | D:5      | Reached skill level 6 in Long Blades
  5027 | D:5      | Found a hazy altar of Hepliaklqana.
  5683 | D:6      | Reached XP level 8. HP: 59/64 MP: 8/8
  5689 | D:6      | Reached skill level 7 in Long Blades
  5696 | D:6      | Slain by a wight

Illustrated notes

Levels and vault maps discovered:
D:1:      eino_arrival_tree_alley, layout_loops_ring,
          dreamdust_ecumenical_altar_drowned_temple, minmay_misc_feat_pillars,
          palyth_stone_intersect
D:2:      layout_loops_ring, hangedman_abyss_or_decor_lesser_grid,
          reono_crystal_passage, minmay_goblin_kobold_house, uniq_natasha
D:3:      layout_loops_corners, nicolae_qazlal_general_emergency,
          gammafunk_temple_overflow_pools,
          chequers_temple_overflow_statue_of_worship, uniq_crazy_yiuf_cottage
D:4:      layout_basic, minmay_temple_entry_stoned_glass
D:5:      layout_basic, mainiacjoe_overflow_concentric_impassable
D:6:      layout_basic, portal_sewer_entry_b

Skill      XL: |  1  2  3  4  5  6  7  8 |
---------------+-------------------------+-----
Long Blades    | 2 3 4 5 6 7 |  7.0
Armour         | 3 |  3.0
Shields        | 3 |  3.0
Fighting       | 4 5 6 |  6.1

Action                   |  1- 3 |  4- 6 |  7- 9 || total
-------------------------+-------+-------+-------++-------
Melee: Long sword        |    83 |       |       ||    83
       Dagger            |    24 |   124 |    95 ||   243
Armor: Scale mail        |    60 |    37 |    31 ||   128
Dodge: Dodged            |    54 |    55 |    48 ||   157
       Repelled          |       |       |     1 ||     1
Block: Buckler           |    28 |    31 |    23 ||    82

Table legend: (Time is in decaauts)
 A = Elapsed time spent in this place.
 B = Non-inter-level travel time spent in this place.
 C = Inter-level travel time spent in this place.
 D = Time resting spent in this place.
 E = Time spent auto-exploring this place.
 F = Levels seen in this place.
 G = Mean time per level.
                   A        B        C        D        E       F      G
               +--------+--------+--------+--------+--------+-----+--------+
         Total |   5712 |   5579 |    133 |    479 |   4417 |   6 |  952.0 |
       Dungeon |   5712 |   5579 |    133 |    479 |   4417 |   6 |  952.0 |
               +--------+--------+--------+--------+--------+-----+--------+

Top non-repeatable levels by time:
     D:2: 1268 daAuts
     D:5: 1146 daAuts
     D:3: 1083 daAuts
     D:1: 1066 daAuts
     D:4: 988 daAuts
     D:6: 159 daAuts
